 Dungeon Crawl Stone Soup version 0.27.1-4-g1640c2035a (webtiles) character file.

Game seed: 16657150072996143160

37 theEndsummarily the Sneak (level 3, -8/19 HPs)
             Began as a Kobold Enchanter on Nov 17, 2021.
             Mangled by Sigmund (12 damage)
             ... on level 2 of the Dungeon.
             The game lasted 00:08:06 (2631 turns).

theEndsummarily the Sneak (Kobold Enchanter)        Turns: 2631, Time: 00:08:07

Health: -8/19      AC:  2    Str:  5    XL:     3   Next: 60%
Magic:  6/6        EV: 15    Int: 17    God:
Gold:   89         SH:  0    Dex: 15    Spells: 6/7 levels left

rFire    . . .     SeeInvis .   a - +1 dagger
rCold    . . .     Faith    .   (shield restricted)
rNeg     . . .     Spirit   .   b - +0 robe
rPois    .         Reflect  .   (no helmet)
rElec    .         Harm     .   (no cloak)
rCorr    .         Rampage  .   (no gloves)
Will     .....                  (no boots)
Stlth    ++........             (no amulet)
HPRegen  0.06/turn              (no ring)
MPRegen  0.10/turn              (no ring)

@: confused, attractive
A: small, no large weapons, nightstalker 3
a: no special abilities


You were on level 2 of the Dungeon.
You visited 1 branch of the dungeon, and saw 2 of its levels.

You collected 89 gold pieces.

Inventory:

Hand Weapons
 a - a +1 dagger (weapon)
Missiles
 c - 28 poisoned darts
Armour
 b - a +0 robe (worn)
Scrolls
 e - 2 scrolls of identify {unknown}
 g - a scroll of immolation {unknown}
 h - 2 scrolls of fog {unknown}
Potions
 i - a potion of curing {unknown}


   Skills:
 + Level 2.2 Short Blades
 + Level 2.9 Dodging
 + Level 4.4 Stealth
 + Level 2.5 Spellcasting
 + Level 3.3 Hexes


You had 6 spell levels left.
You knew the following spells:

 Your Spells              Type           Power      Damage    Failure   Level
a - Corona                Hex            14%        N/A       4%          1

Your spell library contained the following spells:

 Spells                   Type           Power      Damage    Failure   Level
 Slow                     Hex            13%        N/A       7%          2
 Ensorcelled Hibernation  Hex/Ice        14%        N/A       14%         2
 Confusing Touch          Hex            13%        N/A       14%         3
 Tukima's Dance           Hex            13%        N/A       14%         3
 Dazzling Flash           Conj/Hex       14%        N/A       28%         3
 Vampiric Draining        Necr           1%         2d6       50%         3


Dungeon Overview and Level Annotations

Branches:
Dungeon (2/15)

Altars:

Annotations:
D:2 Sigmund


Innate Abilities, Weirdness & Mutations

You are small and have problems with some larger weapons.
You are completely attuned to the shadows.


Message History

Aiming: Corona (safe; 4% risk of failure)
Press: ? - help, Shift-Dir - straight line, f - Sigmund
Aim: Sigmund, wielding a +0 scythe and wearing a +0 robe (lightly wounded, chance to affect: 58%) Sigmund is outlined in light.
Sigmund misses you.
You hit Sigmund.
Sigmund is lightly wounded.
You hit Sigmund but do no damage.
Sigmund is lightly wounded.
Sigmund closely misses you.
You hit Sigmund.
Sigmund is lightly wounded.
Sigmund hits you with a +0 scythe.
You hit Sigmund.
Sigmund is moderately wounded.
You hit Sigmund.
Sigmund is moderately wounded.
Sigmund misses you.
You hit Sigmund.
Sigmund is moderately wounded.
You hit Sigmund.
Sigmund is heavily wounded.
Sigmund casts a spell at you.
You are confused.
You barely miss Sigmund.
Sigmund is heavily wounded.
Sigmund gestures wildly while chanting.
Sigmund flickers and vanishes for a moment.
Sigmund closely misses you. Sigmund barely misses you.
Sigmund stops glowing and disappears.
Something hits you!
Ouch! That really hurt!
* * * LOW HITPOINT WARNING * * *
Deactivating autopickup; reactivate with Ctrl-A.
You are too confused!
It was a potion of attraction.
You feel attractive to monsters. Something hits you!
Ouch! That really hurt!
You die...

....)..# ##........... .......#
#..#.....(...
.......##############...##.......
...............<........#.#......
........###.......#.##...#.##....
........# #.......#.##....##.#...
.........##.......#.##....#.#.#..
........###.(.{...#.##.....#.##..
##...#.## #.....@.#.##......##...
#...#.# #.......#.##...........
##### #.......#.##...........
#.........##......##...
###.######.....#.##..
#.....#.#.#.. #.....##.#... ##
###....#.##.... .+
......#.#......


There were no monsters in sight!

Vanquished Creatures
  A worm (D:2)
  A dart slug (D:1)
  3 endoplasms
  2 giant cockroaches
  4 goblins
  A hobgoblin (D:2)
  4 jackals (D:1)
  3 kobolds (D:2)
  A quokka (D:1)
  2 ball pythons
  4 bats
  2 frilled lizards (D:2)
  A rat (D:1)
29 creatures vanquished.

Notes
Turn   | Place    | Note
-------+----------+-------------------------------------------
     0 | D:1      | theEndsummarily the Kobold Enchanter began the quest for
                  | the Orb.
     0 | D:1      | Reached XP level 1. HP: 10/10 MP: 3/3
   309 | D:1      | Reached XP level 2. HP: 15/15 MP: 5/5
   441 | D:1      | Found a faded altar of an unknown god.
  1341 | D:2      | Reached XP level 3. HP: 18/19 MP: 4/6
  2038 | D:2      | Noticed Sigmund
  2631 | D:2      | Mangled by Sigmund

Illustrated notes

Levels and vault maps discovered:
D:1:      dpeg_arrival_lava_temple_mockup, layout_loops_ring,
          basic_ecumenical_altar, amcnicky_mini_corridor_feature,
          minmay_misc_feat_enclosed
D:2:      layout_loops_corners, minmay_misc_feat_secret_circle,
          patterned_corridor, uniq_sigmund

Skill      XL: |  1  2 |
---------------+-------+-----
Short Blades   | 2 |  2.2
Dodging        | |  2.9
Stealth        | |  4.4
Spellcasting   | |  2.5
Hexes          | |  3.3

Action                   || total
-------------------------++-------
Melee: Dagger            ||   106
 Cast: Corona            ||    12
  Use: Potion            ||     2
       Scroll            ||     1
 Stab: Sleeping          ||    14
Armor: Robe              ||     3
Dodge: Dodged            ||    64
